 Dungeon Crawl Stone Soup version 0.26-a0-639-g72c4674329 (webtiles) character file.

Game seed: 14741973688027884279

25734 ANON1729 the Protected (level 13, -1/87 HPs)
             Began as a Gargoyle Fighter on Sept 15, 2020.
             Was a High Priest of the Shining One.
             Killed from afar by a frost giant (15 damage)
             ... with a bolt of cold
             ... in an ice cave.
             The game lasted 00:24:34 (15640 turns).

ANON1729 the Protected (Gargoyle Fighter)          Turns: 15640, Time: 00:24:34

Health: -1/87      AC: 20    Str: 24    XL:     13   Next: 21%
Magic:  13/13      EV:  9    Int: 10    God:    the Shining One [*****.]
Gold:   922        SH: 13    Dex:  9    Spells: 12/12 levels left

rFire    x . .     SeeInvis .   k - +2 morningstar (freeze)
rCold    + + .     Faith    .   c - +0 kite shield
rNeg     + + +     Spirit   .   b - +0 scale mail
rPois    ∞         Reflect  .   O - +0 helmet (curse)
rElec    +         Harm     .   (no cloak)
rCorr    .         Rampage  .   (no gloves)
MR       .....                  (no boots)
Stlth    ..........             P - amulet of magic regeneration
HPRegen  0.24/turn              m - ring of protection from cold
MPRegen  0.38/turn              L - ring of ice

@: glowing
A: negative energy resistance 1, electricity resistance, unbreathing,
petrification resistance, rot immunity, AC +9
a: Divine Shield, Cleansing Flame, Summon Divine Warrior, Renounce Religion


You were in an ice cave.
You worshipped the Shining One.
The Shining One was extremely pleased with you.
You visited 2 branches of the dungeon, and saw 14 of its levels.
You also visited: Ossuary and Ice Cave.

You collected 922 gold pieces.

Inventory:

Hand Weapons
 a - a +0 flail
 k - a +2 morningstar of freezing (weapon)
 y - a +0 dire flail of holy wrath
Armour
 b - a +0 scale mail (worn)
 c - a +0 kite shield (worn)
 O - a cursed +0 helmet (worn)
Jewellery
 m - a ring of protection from cold (left hand)
 J - an uncursed ring of fire
 L - a ring of ice (right hand)
 M - an uncursed ring of fire
 N - an uncursed ring of protection from fire {unknown}
 P - an amulet of magic regeneration (around neck)
Wands
 d - a wand of disintegration (9)
 p - a wand of polymorph (7)
 t - a wand of enslavement (3)
 H - a wand of flame (33)
 Q - a wand of iceblast (9)
Scrolls
 e - 3 scrolls of magic mapping
 f - 4 scrolls of teleportation
 g - 5 scrolls of remove curse
 h - a scroll of fog {unknown}
 n - a scroll of enchant armour
 o - a scroll of acquirement {unknown}
 r - 3 scrolls of random uselessness
 s - a scroll of immolation
 u - a scroll of fear {unknown}
 v - 2 scrolls of enchant weapon
 w - 2 scrolls of amnesia
 E - a scroll of blinking {unknown}
 G - a scroll of noise {unknown}
 I - 2 scrolls of holy word {unknown}
 R - a scroll of vulnerability {unknown}
Potions
 i - 2 potions of might
 l - a potion of mutation
 q - 10 potions of degeneration
 x - a potion of lignification
 z - a potion of ambrosia
 A - 2 potions of stabbing
 C - a potion of resistance {unknown}
 D - 3 potions of cancellation
 F - a potion of haste {unknown}
 K - 2 potions of flight


   Skills:
 + Level 12.3 Fighting
 + Level 11.2 Maces & Flails
 + Level 12.3 Armour
 + Level 12.3 Shields


You had 12 spell levels left.
You didn't know any spells.
Your spell library contained the following spells:

 Spells                   Type           Power        Failure   Level
 Sting                    Tmut/Pois      #...         71%         1
 Summon Small Mammal      Summ           #...         71%         1
 Call Imp                 Summ           #.......     85%         2
 Poisonous Vapours        Pois/Air       #.....       85%         2
 Call Canine Familiar     Summ           #.......     97%         3
 Ignite Poison            Fire/Tmut/Pois #.......     97%         3
 Mephitic Cloud           Conj/Pois/Air  #.......     97%         3
 Summon Guardian Golem    Hex/Summ       #.......     97%         3
 Olgreb's Toxic Radiance  Pois           #.......     100%        4
 Summon Ice Beast         Ice/Summ       #.......     100%        4
 Summon Lightning Spire   Summ/Air       #.......     100%        4
 Bolt of Magma            Conj/Fire/Erth #.........   100%        5
 Fireball                 Conj/Fire      #.........   100%        5
 Iskenderun's Battlesphe  Conj           #.......     100%        5
 Iron Shot                Conj/Erth      #.........   100%        6
 Starburst                Conj/Fire      #.........   100%        6
 Orb of Destruction       Conj           #.........   100%        7
 Spellforged Servitor     Conj/Summ      #.........   100%        7
 Ignition                 Fire           #.........   100%        8


Dungeon Overview and Level Annotations

Branches:
Dungeon (13/15)            Temple (1/1) D:7            Lair (0/6) D:8
    Orc (0/2) D:10        Ossuary (visited)           IceCv (1/1)
 Vaults: D:13-14

Altars:
Ashenzari
Dithmenos
Elyvilon
Gozag
Hepliaklqana
Kikubaaqudgha
Makhleb
Nemelex Xobeh
Okawaru
Qazlal
Ru
Sif Muna
Vehumet
Wu Jian
Xom
Yredelemnul
Zin
The Shining One

Shops:
D:8 *


Innate Abilities, Weirdness & Mutations

You are resistant to torment.
Your stone body is resilient. (AC +9)
You are immune to poison.
You resist negative energy. (rN+)
You are resistant to electric shocks. (rElec)
You can survive without breathing.
You are immune to petrification.
You are immune to rotting.


Message History

You hit the frost giant.
The frost giant is almost dead.
You block the frost giant's attack.
You sock the frost giant!
The frost giant is almost dead.
The frost giant points at you and mumbles some strange words.
The bolt of cold hits you! You resist.
* * * LOW HITPOINT WARNING * * *
You thump the frost giant! You freeze the frost giant.
The frost giant is almost dead.
The yak is no longer covered in acid.
The frost giant hits you with a +2 battleaxe of freezing.
* * * LOW HITPOINT WARNING * * *
Evoke which item? (* to show all) (? for menu, Esc to quit)
Okay, then.
Unknown command.
You feel better.
The frost giant gestures at you while chanting.
The bolt of cold hits you! You resist.
You die...

##########
#######...##.Ch#
#..#...##..@##hhh#
##### #..########
#hYh.#
#≈≈.#####..#
#hh...
≈≈#≈..##..## #....
≈≈≈##...### ..##
#≈≈≈##### ##
≈≈≈#≈≈# ≈≈≈≈≈≈≈≈
#≈≈≈≈≈≈≈


You could see a frost giant and a polar bear.

Vanquished Creatures
  A hydra (D:12)
  A centaur warrior (D:13)
  3 two-headed ogres
  An unseen horror (D:11)
  3 manticores (D:12)
  2 cyclopes
  3 ugly things
  Maurice (D:9)
  Joseph (D:7)
  A rime drake (IceCv)
  2 kobold demonologists
  9 polar bears (IceCv)
  A troll (D:11)
  Grinder (D:5)
  Prince Ribbit (D:6)
  2 hornets
  Sigmund (D:3)
  A shadow (D:11)
  A wyvern (D:12)
  A vampire (D:12)
  2 basilisks
  23 yaks
  A soldier ant (D:11)
  A water moccasin (D:6)
  3 porcupines (D:8)
  9 phantoms
  6 orc warriors
  An ice beast (D:8)
  A sky beast (D:5)
  A black bear (D:6)
  3 ogres
  13 wolves (IceCv)
  16 centaurs
  4 crocodiles
  A big kobold (D:7)
  14 bullfrogs
  A wyvern zombie (D:10)
  2 gnoll sergeants
  3 scorpions
  10 killer bees
  22 wights
  2 howler monkeys
  A quasit (D:11)
  A bullfrog zombie (D:5)
  6 centaur zombies
  8 hounds
  4 jellies
  6 orc priests
  2 centaur skeletons
  2 human zombies (Ossuary)
  Jessica (D:2)
  4 bullfrog skeletons
  13 orc wizards
  5 worker ants
  5 mummies (Ossuary)
  A worker ant zombie (D:5)
  9 gnolls
  A howler monkey skeleton (D:6)
  10 adders
  3 shadow imps
  2 white imps
  2 ufetubi
  An adder zombie (D:5)
  2 oozes
  2 adder skeletons (D:2)
  5 worms
  2 dart slugs
  6 leopard geckos
  46 orcs
  8 bats
  2 bat zombies (D:2)
  7 giant cockroaches
  3 gnoll zombies
  7 hobgoblins
  3 jackals (D:7)
  3 quokkas
  3 ball pythons
  4 frilled lizards
  7 goblins
  2 goblin zombies (Ossuary)
  A hobgoblin zombie (Ossuary)
  13 kobolds
  A kobold zombie (Ossuary)
  2 leopard gecko zombies
  7 rats
399 creatures vanquished.

Vanquished Creatures (collateral kills)
  2 orc priests (D:6)
  An orc (D:6)
3 creatures vanquished.

Vanquished Creatures (others)
  A yak (IceCv)
  5 fungi (D:8)
  14 plants
  A withered plant (D:2)
21 creatures vanquished.

Grand Total: 423 creatures vanquished

Notes
Turn   | Place    | Note
-------+----------+-------------------------------------------
     0 | D:1      | ANON1729 the Gargoyle Fighter began the quest for the Orb.
     0 | D:1      | Reached XP level 1. HP: 14/14 MP: 1/1
   349 | D:1      | Reached XP level 2. HP: 16/19 MP: 2/2
   731 | D:1      | Reached XP level 3. HP: 23/23 MP: 3/3
   930 | D:2      | Noticed Jessica
   939 | D:2      | Killed Jessica
   973 | D:2      | Reached XP level 4. HP: 29/29 MP: 4/4
  1421 | D:2      | Reached XP level 5. HP: 23/33 MP: 5/5
  1908 | D:3      | Found a sparkling altar of Nemelex Xobeh.
  1946 | D:3      | Noticed Sigmund
  1960 | D:3      | Killed Sigmund
  1960 | D:3      | Reached XP level 6. HP: 33/40 MP: 6/6
  2126 | D:3      | Found a shimmering altar of Xom.
  2126 | D:3      | Found a shimmering altar of Xom.
  2127 | D:3      | Found a shimmering altar of Xom.
  2127 | D:3      | Found a shimmering altar of Xom.
  2471 | D:4      | Noticed a phantom
  2565 | D:4      | Killed a phantom
  2565 | D:4      | Reached skill level 5 in Fighting
  2565 | D:4      | Reached skill level 5 in Armour
  2565 | D:4      | Reached skill level 5 in Shields
  2565 | D:4      | Reached XP level 7. HP: 27/44 MP: 7/7
  2734 | D:4      | Noticed an air elemental
  2736 | D:4      | Found a stormy altar of Qazlal.
  2759 | D:4      | Noticed a fire elemental
  2759 | D:4      | Noticed a water elemental
  2897 | D:4      | Found a glowing silver altar of Zin.
  3406 | D:5      | Entered Level 5 of the Dungeon
  3421 | D:5      | Noticed Grinder
  3422 | D:5      | Paralysed by Grinder for 3 turns
  3434 | D:5      | Paralysed by Grinder for 7 turns
  3449 | D:5      | Paralysed by Grinder for 2 turns
  3633 | D:5      | Paralysed by Grinder for 7 turns
  3649 | D:5      | Paralysed by Grinder for 2 turns
  3655 | D:5      | Paralysed by Grinder for 6 turns
  3661 | D:5      | Killed Grinder
  3683 | D:5      | Reached XP level 8. HP: 33/51 MP: 8/8
  3731 | D:5      | Reached skill level 5 in Maces & Flails
  4978 | D:6      | Reached XP level 9. HP: 47/56 MP: 9/9
  5164 | D:6      | Noticed Prince Ribbit
  5183 | D:6      | Killed Prince Ribbit
  5987 | D:7      | Found a shattered altar of Ashenzari.
  6330 | D:7      | Found a staircase to the Ecumenical Temple.
  6379 | D:7      | Found a hazy altar of Hepliaklqana.
  6479 | Temple   | Entered the Ecumenical Temple
  6490 | Temple   | Became a worshipper of the Shining One
  6530 | D:7      | Found an iron altar of Okawaru.
  6873 | D:7      | Found a shattered altar of Ashenzari.
  7078 | D:7      | Noticed Joseph
  7092 | D:7      | Killed Joseph
  7431 | D:7      | Found an ornate altar of the Wu Jian Council.
  7434 | D:7      | Found a white marble altar of Elyvilon.
  7437 | D:7      | Found a radiant altar of Vehumet.
  7577 | D:7      | Reached XP level 10. HP: 64/64 MP: 10/10
  7787 | D:8      | Found a sand-covered staircase.
  7792 | Ossuary  | Entered an ossuary
  8060 | Ossuary  | Reached * piety under the Shining One
  8565 | D:8      | Found a staircase to the Lair.
  8670 | D:8      | Found a shadowy altar of Dithmenos.
  8721 | D:8      | Found Gann's General Store.
  8831 | D:8      | Reached ** piety under the Shining One
  9226 | D:9      | Noticed Maurice
  9276 | D:9      | Reached XP level 11. HP: 44/71 MP: 11/11
  9279 | D:9      | Killed Maurice
  9533 | D:9      | Found a burning altar of Makhleb.
  9671 | D:9      | Found an opulent altar of Gozag.
  9895 | D:9      | Found a basalt altar of Yredelemnul.
  9998 | D:9      | Found an ancient bone altar of Kikubaaqudgha.
 10015 | D:10     | Entered Level 10 of the Dungeon
 10015 | D:10     | Noticed a two-headed ogre
 10015 | D:10     | Reached *** piety under the Shining One
 10022 | D:10     | Killed a two-headed ogre
 10022 | D:10     | Reached skill level 10 in Fighting
 10022 | D:10     | Reached skill level 10 in Armour
 10022 | D:10     | Reached skill level 10 in Shields
 10236 | D:10     | Noticed a cyan ugly thing
 10261 | D:10     | Killed a cyan ugly thing
 10354 | D:10     | Noticed a two-headed ogre
 10362 | D:10     | Killed a two-headed ogre
 11122 | D:10     | Found a staircase to the Orcish Mines.
 11179 | D:10     | Reached **** piety under the Shining One
 11431 | D:11     | Noticed an unseen horror
 11438 | D:11     | Killed an unseen horror
 11464 | D:11     | Noticed a purple ugly thing
 11478 | D:11     | Killed a purple ugly thing
 11780 | D:11     | Noticed a red ugly thing
 11786 | D:11     | HP: 1/73 [red ugly thing (12)]
 11787 | D:11     | Noticed a two-headed ogre
 11958 | D:11     | Killed a two-headed ogre
 11958 | D:11     | Reached XP level 12. HP: 35/79 MP: 12/12
 12475 | D:11     | Reached skill level 10 in Maces & Flails
 12475 | D:11     | Reached ***** piety under the Shining One
 12476 | D:11     | HP: 4/80 [cloud of flame (11)]
 13016 | D:11     | Found a sacrificial altar of Ru.
 13649 | D:12     | Noticed a five-headed hydra
 13659 | D:12     | Killed a five-headed hydra
 14436 | D:13     | Noticed a centaur warrior
 14443 | D:13     | Killed a centaur warrior
 14538 | D:13     | Found a frozen archway.
 14554 | IceCv    | Entered an ice cave
 15001 | IceCv    | Reached XP level 13. HP: 85/86 MP: 13/13
 15614 | IceCv    | Noticed a frost giant
 15638 | IceCv    | HP: 4/87 [frost giant/+2 battleaxe of freezing (4)]
 15640 | IceCv    | Killed from afar by a frost giant

Illustrated notes

Levels and vault maps discovered:
D:1:      minmay_arrival_shattered_statue, layout_basic
D:2:      layout_rooms, serial_undead, serial_undead_b, serial_undead_e,
          serial_undead_a, serial_undead_f, serial_undead_e, serial_undead_d,
          uniq_jessica
D:3:      layout_basic, nicolae_overflow_crystal_walls,
          chequers_serial_rivers_micro_d, xom_redecorated, uniq_sigmund
D:4:      layout_basic, zin_academy, nicolae_qazlal_style_of_elements
D:5:      layout_gridville, gup_sewer_entry_bowl, minmay_misc_feat_cross,
          uniq_grinder
D:6:      layout_cave_pods, uniq_prince_ribbit1
D:7:      layout_loops_corners, kennysheep_okawaru_gauntlet,
          lemuel_doored_altar, kennysheep_mini_moat,
          grunt_temple_overflow_diamond, temple_pool_b,
          nicolae_ashenzari_panopticon, uniq_joseph
D:8:      minmay_octagon_keep, layout_basic, nicolae_overflow_hidden_temple,
          minmay_lair_entry_grove, nicolae_ossuary_entry_ruins, serial_shops,
          nicolae_shop_stone
D:9:      layout_stronghold, kennysheep_mini, lemuel_coloured_pillars_altar,
          lemuel_zombie_altar_yredelemnul, basic_altar,
          kennysheep_generic_room_8, uniq_maurice
D:10:     layout_layer_cave, orc_0_dummy
D:11:     layout_basic, basic_altar
D:12:     layout_loops_corners, minmay_shattered_shrine
D:13:     layout_gridville, portal_ice_cave_entry_pillars_1, minivault_13
Temple:   compressed_dpeg_triangle_lava_temple
IceCv:    ice_cave_caverns_03

Skill      XL: |  1  2  3  4  5  6  7  8  9 10 11 12 13 |
---------------+----------------------------------------+-----
Shields        | 4 5 6 8 9 10 12 | 12.3
Fighting       | 4 5 6 8 9 10 12 | 12.3
Armour         | 4 5 6 8 9 10 12 | 12.3
Maces & Flails | 3 4 5 7 8 9 10 11 | 11.2

Action                   |  1- 3 |  4- 6 |  7- 9 | 10-12 | 13-15 || total
-------------------------+-------+-------+-------+-------+-------++-------
Melee: Flail             |   120 |   203 |   481 |       |       ||   804
       Morningstar       |       |       |    17 |   660 |   108 ||   785
Evoke: Wand              |       |       |    15 |    11 |     1 ||    27
  Use: Scroll            |       |       |     2 |    18 |       ||    20
       Potion            |       |       |     1 |     3 |     1 ||     5
 Stab: Invisible         |       |       |     1 |       |       ||     1
Armor: Scale mail        |    98 |   122 |   269 |   296 |    57 ||   842
Dodge: Dodged            |    48 |    88 |   184 |   206 |    33 ||   559
Block: Kite shield       |    61 |   121 |   301 |   419 |    84 ||   986

Table legend: (Time is in decaauts)
 A = Elapsed time spent in this place.
 B = Non-inter-level travel time spent in this place.
 C = Inter-level travel time spent in this place.
 D = Time resting spent in this place.
 E = Time spent auto-exploring this place.
 F = Levels seen in this place.
 G = Mean time per level.
                   A        B        C        D        E       F      G
               +--------+--------+--------+--------+--------+-----+--------+
         Total |  15941 |  15530 |    411 |   4994 |   7166 |  16 |  996.3 |
       Dungeon |  14265 |  13862 |    403 |   3967 |   6896 |  13 | 1097.3 |
        Temple |     19 |     12 |      7 |      0 |      2 |   1 |   19.0 |
       Ossuary |    566 |    566 |      0 |    308 |    109 |   1 |  566.0 |
      Ice Cave |   1089 |   1089 |      0 |    719 |    159 |   1 | 1089.0 |
               +--------+--------+--------+--------+--------+-----+--------+

Top non-repeatable levels by time:
    D:11: 1740 daAuts
     D:7: 1703 daAuts
     D:6: 1565 daAuts
    D:12: 1258 daAuts
    D:10: 1239 daAuts
     D:4: 1187 daAuts
     D:9: 1178 daAuts
     D:1: 1128 daAuts
   IceCv: 1089 daAuts
     D:5: 883 daAuts
     D:8: 857 daAuts
     D:3: 772 daAuts
     D:2: 601 daAuts
 Ossuary: 566 daAuts
    D:13: 149 daAuts
